Map: Altitude LE

Players

winzboy - Winner!

  • Race: Protoss Protoss
  • Spawn Location: 7:00

VOD

Have the link to the VOD?

Description

Time

  • Played on: May 18, 2023, 4:47 a.m.
  • Length: 14:57
Show
View Real Time Build Order
Export as new Build Order

winzboy Protoss - Winner!

Build Orders:  

Get SALT Encoding   

  12  0:06  Probe (Chrono Boost)  
  13  0:27  Pylon  
  13  0:28  Probe (Chrono Boost)  
  14  0:40  Probe (Chrono Boost)  
  15  0:59  Gateway  
  15  1:03  Assimilator  
  15  1:07  Probe (Chrono Boost)  
  16  1:24  Probe (Chrono Boost)  
  17  1:49  Probe (Chrono Boost)  
  18  2:06  Probe (Chrono Boost)  
  19  2:15  Nexus  
  19  2:25  Cybernetics Core  
  19  2:26  Probe (Chrono Boost)  
  20  2:43  Probe (Chrono Boost)  
  22  3:00  Probe (Chrono Boost)  
  22  3:11  Pylon  
  22  3:16  Probe (Chrono Boost)  
  23  3:36  Probe  
  26  3:45  Robotics Facility  
  26  4:06  Probe  
  26  4:08  Assimilator  
  27  4:18  Unknown  
  27  4:34  Warp Gate (Chrono Boost)  
  27  4:45  Twilight Council  
  27  5:13  Shield Battery  
  27  5:26  Probe  
  27  5:27  Probe  
  27  5:29  Pylon  
  29  5:43  Probe  
  29  5:44  Probe  
  29  5:45  Stalker  
  33  6:00  Probe  
  33  6:01  Probe  
  33  6:04  Forge  
  33  6:07  Observer (Chrono Boost)  
  35  6:17  Probe  
  35  6:18  Probe  
  38  6:34  Probe x2  
  38  6:35  Warp Prism (Chrono Boost)  
  42  6:50  Pylon  
  42  6:51  Probe x2  
  44  7:08  Probe x2  
  46  7:19  Charge  
  50  7:25  Probe x2  
  50  7:26  Immortal (Chrono Boost)  
  52  7:59  Templar Archives  
  52  8:03  Pylon  
  52  8:17  Assimilator  
  52  8:21  Assimilator  
  52  8:26  Protoss Ground Weapons Level 1  
  52  8:28  Pylon  
  52  8:44  Gateway  
  52  8:46  Gateway  
  52  8:51  Gateway  
  52  8:52  Gateway  
  52  8:53  Probe x2  
  52  8:57  Gateway x2  
  54  9:03  Gateway  
  54  9:10  Probe  
  54  9:19  Zealot  
  53  9:57  Zealot  
  53  10:16  Pylon  
  53  10:23  Pylon  
  53  10:27  Pylon  
  53  10:34  Pylon  
  53  10:36  Zealot  
  53  10:37  Zealot x2  
  53  10:38  Zealot x2  
  53  10:39  Zealot x2  
  67  10:40  Zealot  
  67  10:48  Robotics Facility  
  69  10:50  Robotics Facility  
  69  10:58  Immortal (Chrono Boost)  
  73  11:18  Zealot  
  73  11:19  Zealot x2  
  79  11:21  High Templar, Zealot  
  83  11:40  High Templar  
  83  11:49  High Templar  
  91  11:53  Immortal (Chrono Boost)  
  91  12:13  Archon  
  91  12:14  Zealot  
  91  12:15  Zealot x2  
  91  12:16  Zealot x2  
  91  12:17  Zealot  
  107  12:46  Immortal (Chrono Boost)  
  107  13:09  High Templar  
  109  13:27  Pylon  
  109  13:30  Pylon  
  109  13:34  Pylon  
  109  13:44  Pylon  
  109  13:50  Pylon  
  109  13:53  Pylon  
  109  13:56  Pylon  
  117  14:00  Immortal x2 (Chrono Boost)  
  115  14:21  Zealot  
  115  14:22  Zealot x2  
  115  14:23  Zealot  
  115  14:24  Zealot x2  
  115  14:25  Zealot  
  129  14:39  Adept  
Tags
 
Matchup
Co-op
Replay Pack
Multiplayer
Add a new tag
Caveats
  • Supply blocks, unpowered buildings, or Contaminate may cause inaccurate times.
  • Supply counts are checked every 10 seconds.